[Event "Titled Tuesday Blitz November 08 Late 2022"]
[White "Adel, Sara"]
[Black "Steen, Bobby"]
[WhiteFideId "10616764"]
[BlackFideId "2053870"]
[WhiteElo "1994"]
[BlackElo "2140"]
[Result "1-0"]
[Round "08"]
[TimeControl "180+1"]
[Date "2022.11.09"]
[WhiteClock "0:00:09"]
[BlackClock "0:00:08"]

1. e4 c5 2. Nc3 e6 3. f4 a6 4. a4 d5 5. exd5 exd5 6. Nf3 Nf6 7. d4 Nc6 8. Be3 cxd4 9. Nxd4 Bb4 10. Nxc6 bxc6 11. Bd2 Bg4 12. Be2 Bf5 13. O-O O-O 14. a5 Bxc3 15. Bxc3 Ne4 16. Qd4 Nxc3 17. Qxc3 Qd6 18. g4 Be4 19. Bd3 Rfe8 20. Rae1 Bxd3 21. cxd3 Reb8 22. Rc1 h5 23. gxh5 Qe6 24. Qxc6 Qg4+ 25. Kh1 Rc8 26. Qxd5 Rd8 27. Qf3 Qf5 28. Rc3 Rab8 29. h6 gxh6 30. Rg1+ Kf8 31. Qc6 Qxf4 32. Qc5+ Qd6 33. Qe3 Qd5+ 34. Rg2 Rxb2 35. Qxh6+ Ke8 36. Qe3+ Kd7 37. Qa7+ Ke8 38. Qe3+ Kf8 39. Qh6+ Ke7 40. Rc7+ Rd7 41. Qh4+ Kd6 42. Rxd7+ Kxd7 43. Qg4+ Kc6 44. Qc8+ Kd6 45. Qd8+ Ke5 46. Qxd5+ Kxd5 47. Rxb2 1-0


[Site "https://www.chess.com"]

[Event "Titled Tuesday Blitz November 08 Late 2022"]
[White "Aghasiyev, Kamal"]
[Black "Forgacs, Attila Jr."]
[WhiteFideId "13402854"]
[BlackFideId "773654"]
[WhiteElo "2341"]
[BlackElo "2168"]
[Result "1-0"]
[Round "08"]
[TimeControl "180+1"]
[Date "2022.11.09"]
[WhiteClock "0:01:32"]
[BlackClock "0:00:14"]

1. d4 Nf6 2. Nf3 g6 3. c4 Bg7 4. Nc3 d5 5. e3 O-O 6. cxd5 Nxd5 7. Be2 c5 8. O-O cxd4 9. exd4 Nc6 10. Bg5 h6 11. Be3 b6 12. Nxd5 Qxd5 13. Rc1 Bb7 14. Qd2 Rfd8 15. Rfd1 Kh7 16. Bc4 Qh5 17. Qe1 Na5 18. Be2 Qd5 19. b4 Nc6 20. a3 Rac8 21. Bc4 Qh5 22. Bxf7 Nxd4 23. Bxd4 Rxc1 24. Rxc1 Bxf3 25. Qxe7 Rxd4 26. Qe8 Bf8 27. Qxf8 Rd8 28. Qxd8 Kg7 29. Qg8+ Kf6 30. Qxg6+ Qxg6 31. Bxg6 1-0


[Site "https://www.chess.com"]

[Event "Titled Tuesday Blitz November 08 Late 2022"]
[White "Aguilar, Juan"]
[Black "Paiva, Henrique M A Albergaria"]
[WhiteFideId "3800091"]
[BlackFideId "1920995"]
[WhiteElo "2416"]
[BlackElo "1953"]
[Result "1-0"]
[Round "08"]
[TimeControl "180+1"]
[Date "2022.11.09"]
[WhiteClock "0:00:19"]
[BlackClock "0:01:17"]

1. d4 Nf6 2. c4 c5 3. d5 b5 4. Nf3 d6 5. Qc2 g6 6. e4 bxc4 7. Bxc4 Bg7 8. O-O O-O 9. Nc3 Ba6 10. Qe2 Qb6 11. e5 Ng4 12. e6 f6 13. h3 Ne5 14. Nxe5 fxe5 15. Bg5 Bf6 16. Bxf6 Rxf6 17. Ne4 Rf5 18. b3 Bxc4 19. bxc4 Na6 20. Rab1 Qc7 21. Rb5 Rb8 22. Rfb1 Rb6 23. Qb2 Rxb5 24. Qxb5 Nb4 25. a3 Nc2 26. Qc6 Qd8 27. Rb7 Kg7 28. Nxd6 Qa5 29. Rxe7+ Kh6 30. Nxf5+ gxf5 31. Qd7 Qe1+ 32. Kh2 Qxf2 33. Rxh7+ Kg5 34. Qg7+ Kf4 35. Qh6+ Ke4 36. Qh4+ 1-0


[Site "https://www.chess.com"]

[Event "Titled Tuesday Blitz November 08 Late 2022"]
[White "Ali Abdullahi, Farah"]
[Black "Melikhov, Evgeny V."]
[WhiteFideId "16100212"]
[BlackFideId "4122046"]
[WhiteElo "2267"]
[BlackElo "2169"]
[Result "1/2-1/2"]
[Round "08"]
[TimeControl "180+1"]
[Date "2022.11.09"]
[WhiteClock "0:00:12"]
[BlackClock "0:00:07"]

1. b3 e5 2. Bb2 Nc6 3. e3 a6 4. Nf3 e4 5. Nd4 Nxd4 6. Bxd4 d5 7. d3 h5 8. Bb2 Bf5 9. Nd2 Ne7 10. Be2 Nc6 11. a3 Qg5 12. Bf1 h4 13. h3 O-O-O 14. Qe2 exd3 15. cxd3 Qg6 16. Nf3 Bc5 17. d4 Bb6 18. Qd2 Qf6 19. Bd3 Bxd3 20. Qxd3 Rhe8 21. O-O-O g5 22. Kb1 Kb8 23. Ka2 Qe7 24. Rc1 f6 25. Rc2 Qe4 26. Qxe4 Rxe4 27. b4 Ne7 28. Nd2 Re6 29. Nb3 c6 30. Nc5 Bxc5 31. dxc5 f5 32. a4 Kc7 33. Kb3 Re4 34. Rd1 Re8 35. Bf6 Rg8 36. Rd4 Re6 37. Bxe7 Rxe7 38. Kc3 Re4 39. Kd3 Rge8 40. Rb2 Rxd4+ 41. exd4 Re1 42. b5 axb5 43. axb5 Rd1+ 44. Ke3 Re1+ 45. Kd2 Rg1 46. bxc6 bxc6 47. Kd3 Rxg2 48. Re2 Rh2 49. Re7+ Kc8 50. Rg7 Rxh3+ 51. Ke2 g4 52. Rg6 Kd7 53. Rg7+ Kc8 54. Rg6 Kb7 55. Rg7+ Ka6 56. Rc7 Kb5 57. Rf7 Rf3 58. Rb7+ Kc4 59. Rc7 Kxd4 60. Rxc6 Rc3 61. Rf6 Ke5 62. Rc6 h3 63. Rc8 h2 64. Rh8 Rxc5 65. Rxh2 Rc2+ 66. Ke3 d4+ 67. Kd3 Rc3+ 68. Kd2 Rf3 69. Ke2 Kf4 70. Rh8 g3 71. fxg3+ Rxg3 72. Rd8 Rg2+ 73. Kf1 Rd2 74. Ke1 Rd3 75. Ke2 Re3+ 76. Kf2 Re4 77. Rh8 Re5 78. Rh4+ Kg5 79. Rxd4 Ra5 80. Kg2 f4 81. Rd8 Ra2+ 82. Kf3 Ra3+ 83. Kf2 Ra2+ 84. Kf3 Ra3+ 85. Kf2 Kf5 86. Rf8+ Ke4 87. Re8+ Kf5 88. Rf8+ Kg5 89. Rg8+ Kf6 90. Rf8+ Kg5 91. Rg8+ Kh4 92. Rh8+ Kg4 93. Rg8+ Kf5 94. Rf8+ 1/2-1/2


[Site "https://www.chess.com"]

[Event "Titled Tuesday Blitz November 08 Late 2022"]
[White "Ambartsumova, Karina"]
[Black "Korkmaz, Necmettin"]
[WhiteFideId "4166299"]
[BlackFideId "6303285"]
[WhiteElo "2319"]
[BlackElo "2094"]
[Result "0-1"]
[Round "08"]
[TimeControl "180+1"]
[Date "2022.11.09"]
[WhiteClock "0:00:06"]
[BlackClock "0:00:14"]

1. Nf3 d5 2. d4 Nf6 3. c4 c6 4. g3 g6 5. Bg2 Bg7 6. b3 Ne4 7. Bb2 O-O 8. O-O Bf5 9. Nbd2 Nxd2 10. Qxd2 Be4 11. Bh3 h6 12. Nh4 e6 13. Rad1 g5 14. Ng2 h5 15. f3 Bg6 16. Ne1 Nd7 17. Bg2 dxc4 18. bxc4 e5 19. e4 exd4 20. Bxd4 Ne5 21. Nc2 c5 22. Bxc5 Qxd2 23. Rxd2 Nxc4 24. Rd7 Rfc8 25. Bd4 Nb6 26. Bxb6 axb6 27. Nb4 Ra4 28. Nd5 Bd4+ 29. Kh1 Rc2 30. Ne7+ Kg7 31. Nxg6 Kxg6 32. Rd6+ f6 33. Rd1 Raxa2 34. R6xd4 Rxg2 35. Rb4 Rxh2+ 36. Kg1 Rag2+ 37. Kf1 Rxg3 38. Rd6 Rxf3+ 39. Kg1 Re2 40. Rbxb6 Rxe4 41. Rxb7 h4 42. Kg2 Rff4 43. Rd8 Re2+ 44. Kg1 Re3 45. Rg8+ Kf5 46. Rb2 Kg4 47. Rg2+ Rg3 48. Kh2 Rxg2+ 49. Kxg2 Ra4 50. Kf2 f5 51. Kf1 Kf3 52. Ra8 Rxa8 0-1


[Site "https://www.chess.com"]

[Event "Titled Tuesday Blitz November 08 Late 2022"]
[White "Annaberdiyev, Babageldi"]
[Black "Ardila, Oscar Humberto"]
[WhiteFideId "14000385"]
[BlackFideId "4404742"]
[WhiteElo "2332"]
[BlackElo "1959"]
[Result "1-0"]
[Round "08"]
[TimeControl "180+1"]
[Date "2022.11.09"]
[WhiteClock "0:00:33"]
[BlackClock "0:00:29"]

1. e4 e5 2. Nf3 Nf6 3. d4 Nxe4 4. Bd3 d5 5. Nxe5 Nf6 6. O-O Be7 7. f4 O-O 8. c3 Nbd7 9. Nd2 c6 10. Qf3 Re8 11. h3 Nf8 12. g4 N6d7 13. Bc2 Nxe5 14. fxe5 Be6 15. Bf5 Qd7 16. Nb3 Ng6 17. Be3 Nh4 18. Qf2 Ng6 19. Bxe6 Qxe6 20. Qf5 Rf8 21. Rf2 Nh4 22. Qxe6 fxe6 23. Raf1 Rxf2 24. Rxf2 Rf8 25. Rxf8+ Bxf8 26. Na5 Kf7 27. Nxb7 Ke8 28. Na5 Kd7 29. Kf2 Ng6 30. b4 Be7 31. a4 Bd8 32. Nb3 Be7 33. Ke2 Nf8 34. Nd2 g6 35. Nf3 h5 36. Bh6 Nh7 37. Kd3 hxg4 38. hxg4 a6 39. Bd2 Ke8 40. Be3 Kd7 41. Nd2 Ke8 42. Nb3 Kd7 43. Bd2 Nf8 44. c4 Kc8 45. cxd5 cxd5 46. b5 Kb7 47. Nc5+ Bxc5 48. dxc5 axb5 49. axb5 Kc7 50. Ba5+ Kb7 51. c6+ Kc8 52. b6 Nh7 53. Bb4 Ng5 54. Bd6 Nf3 55. b7+ Kd8 56. b8=Q# 1-0


[Site "https://www.chess.com"]

[Event "Titled Tuesday Blitz November 08 Late 2022"]
[White "Ansh M Shah"]
[Black "Salman, Pavel"]
[WhiteFideId "25033379"]
[BlackFideId "24153753"]
[WhiteElo "2084"]
[BlackElo "2187"]
[Result "0-1"]
[Round "08"]
[TimeControl "180+1"]
[Date "2022.11.09"]
[WhiteClock "0:00:05"]
[BlackClock "0:00:17"]

1. d4 d6 2. c4 e5 3. d5 f5 4. Nc3 Nf6 5. g3 g6 6. Bg2 Bg7 7. e3 O-O 8. Nge2 Nbd7 9. b3 a5 10. Bb2 Nc5 11. h4 h5 12. a3 Ng4 13. b4 axb4 14. axb4 Rxa1 15. Bxa1 Na6 16. Qb3 Qe7 17. O-O f4 18. Ne4 f3 19. Bxf3 Rxf3 20. Ng5 Rf8 21. f3 Nh6 22. e4 Bf6 23. Qe3 Bxg5 24. hxg5 Nf7 25. f4 Nxb4 26. Bc3 Na6 27. Bd2 exf4 28. gxf4 Nc5 29. Nc3 Nb3 30. Be1 c5 31. dxc6 bxc6 32. Bg3 Nc5 33. Re1 Re8 34. Qd4 Ne6 35. Qb6 Qc7 36. Qe3 Qa5 37. Ne2 Qc5 38. Qxc5 Nxc5 39. Nc3 Ba6 40. f5 Nxg5 41. Bxd6 Ncxe4 42. fxg6 Nf3+ 43. Kg2 Nxe1+ 44. Kh3 Nxd6 45. c5 Re3+ 46. Kh4 Nf5+ 47. Kg5 Rxc3 48. g7 Rxc5 49. Kg6 Ne7+ 50. Kh6 Nf5+ 51. Kg6 Nxg7 52. Kh6 Ng2 53. Kg6 Nf4+ 54. Kh6 Nfe6 55. Kg6 Nd8 56. Kh6 Bb5 57. Kg6 Bd3+ 58. Kf6 Rf5+ 59. Kg6 Rf1+ 60. Kh6 Nf7# 0-1


[Site "https://www.chess.com"]

[Event "Titled Tuesday Blitz November 08 Late 2022"]
[White "Antonova, Nadezhda"]
[Black "Guimaraes, Marcelo Cunha"]
[WhiteFideId "14700182"]
[BlackFideId "2118068"]
[WhiteElo "1813"]
[BlackElo "2108"]
[Result "1-0"]
[Round "08"]
[TimeControl "180+1"]
[Date "2022.11.09"]
[WhiteClock "0:02:18"]
[BlackClock "0:01:55"]

1. Nf3 Nf6 2. b3 g6 3. Bb2 Bg7 4. g3 O-O 5. Bg2 d6 6. d4 Nbd7 7. O-O e5 8. dxe5 Ng4 9. Qd2 Ndxe5 10. c4 Nxf3+ 11. exf3 Bxb2 12. Qxb2 Qf6 13. Nc3 Ne5 14. f4 Nd3 15. Qd2 Nc5 16. Nd5 Qd8 17. b4 Ne6 18. Qc3 f6 19. Rfd1 c6 20. Ne3 Qe7 21. Rd2 f5 22. Rad1 Rd8 23. b5 1-0


[Site "https://www.chess.com"]

[Event "Titled Tuesday Blitz November 08 Late 2022"]
[White "Ashiku, Franc"]
[Black "Musovic, Armin"]
[WhiteFideId "4700066"]
[BlackFideId "939935"]
[WhiteElo "2306"]
[BlackElo "2288"]
[Result "1/2-1/2"]
[Round "08"]
[TimeControl "180+1"]
[Date "2022.11.09"]
[WhiteClock "0:00:05"]
[BlackClock "0:00:11"]

1. d4 d5 2. c4 c5 3. Nf3 Nf6 4. cxd5 cxd4 5. Qxd4 Qxd5 6. Nc3 Qxd4 7. Nxd4 a6 8. Bf4 Nbd7 9. Nf3 e6 10. e3 Bb4 11. Rc1 Nd5 12. Bg3 O-O 13. Be2 f6 14. O-O Nxc3 15. bxc3 Ba3 16. Rb1 Kf7 17. Rfd1 e5 18. Bc4+ Ke7 19. Nd2 Rd8 20. Ne4 Nf8 21. Rxd8 Kxd8 22. f4 exf4 23. exf4 Bf5 24. Bd3 Kc7 25. Bf2 Re8 26. Bb6+ Kc6 27. Nf2 Bxd3 28. Nxd3 Re2 29. Bd4 b5 30. g4 Ne6 31. Bf2 Rxa2 32. f5 Nc5 33. Nb4+ Bxb4 34. cxb4 Nd3 35. Bg3 Rc2 36. Rb3 Nc1 37. Re3 Ne2+ 38. Kf2 Nxg3+ 39. Kxg3 Kd5 40. Re7 Kc4 41. Rc7+ Kb3 42. Rxg7 Kxb4 43. Rxh7 a5 44. Rh6 a4 45. Rxf6 a3 46. Ra6 Kb3 47. f6 Rc3+ 48. Kh4 Rc4 49. Kg5 a2 50. f7 Rc8 51. Kf6 Rc6+ 52. Rxc6 a1=Q+ 53. Ke7 Qe1+ 54. Re6 Qh4+ 55. Ke8 Qxg4 56. Ke7 Qg5+ 57. Ke8 Qh5 58. Ke7 Qh4+ 59. Ke8 Qh5 60. Ke7 Qc5+ 61. Ke8 Qh5 1/2-1/2


[Site "https://www.chess.com"]

[Event "Titled Tuesday Blitz November 08 Late 2022"]
[White "Aung Thant Zin"]
[Black "Rose, Felix"]
[WhiteFideId "13000063"]
[BlackFideId "5105722"]
[WhiteElo "2278"]
[BlackElo "2039"]
[Result "0-1"]
[Round "08"]
[TimeControl "180+1"]
[Date "2022.11.09"]
[WhiteClock "0:00:02"]
[BlackClock "0:01:12"]

1. e4 c5 2. Nf3 e6 3. d4 cxd4 4. Nxd4 a6 5. Nc3 b5 6. a3 Bb7 7. Bd3 Nc6 8. Be3 Qb8 9. Qe2 Bd6 10. h3 Nge7 11. Rd1 O-O 12. O-O Bh2+ 13. Kh1 Bf4 14. Nxc6 Bxc6 15. Bc5 Re8 16. Bxe7 Rxe7 17. g3 Be5 18. Kh2 b4 19. axb4 Qxb4 20. f4 Qxb2 21. fxe5 Qxc3 22. Rf3 Qxe5 23. Rdf1 a5 24. Rf4 a4 25. Rh4 g6 26. Qd2 a3 27. Qh6 Qg7 28. Qg5 f6 0-1


[Site "https://www.chess.com"]

[Event "Titled Tuesday Blitz November 08 Late 2022"]
[White "Baskakov, Egor"]
[Black "Pinheiro, Iung Alicio de O."]
[WhiteFideId "24197866"]
[BlackFideId "2104350"]
[WhiteElo "2211"]
[BlackElo "2283"]
[Result "1-0"]
[Round "08"]
[TimeControl "180+1"]
[Date "2022.11.08"]
[WhiteClock "0:01:03"]
[BlackClock "0:00:09"]

1. e4 c5 2. Nf3 Nc6 3. Nc3 e5 4. Nd5 d6 5. c3 Nge7 6. Bc4 Nxd5 7. Bxd5 Be7 8. d4 cxd4 9. cxd4 Nxd4 10. Nxd4 exd4 11. Qxd4 O-O 12. O-O Bf6 13. Qd3 Be6 14. Bxe6 fxe6 15. Be3 Qe7 16. Rab1 Rfc8 17. Rfd1 Rc6 18. h3 a6 19. b4 b5 20. Bf4 Be5 21. Bxe5 dxe5 22. a3 Rac8 23. Qg3 Qf6 24. Rd7 Qg6 25. Qxe5 Qf6 26. Qg3 Qg6 27. Qxg6 hxg6 28. Ra7 Rd8 29. Rb3 e5 30. Rf3 Rf8 31. Rxf8+ Kxf8 32. f3 Kg8 33. Kh2 g5 34. Kg3 Kh7 35. Kg4 Kg6 36. g3 Kf6 37. Rd7 Kg6 38. Rd8 Kf6 39. Rf8+ Ke6 40. Kxg5 Rc3 41. Kg6 Rxa3 42. Kxg7 Rb3 43. h4 Rxb4 44. h5 Rc4 45. h6 Rc7+ 46. Kg6 1-0


[Site "https://www.chess.com"]

[Event "Titled Tuesday Blitz November 08 Late 2022"]
[White "Bazeev, German"]
[Black "Rasulov, Vugar"]
[WhiteFideId "24119350"]
[BlackFideId "13402390"]
[WhiteElo "2493"]
[BlackElo "2509"]
[Result "0-1"]
[Round "08"]
[TimeControl "180+1"]
[Date "2022.11.08"]
[WhiteClock "0:00:04"]
[BlackClock "0:00:37"]

1. d4 c5 2. d5 d6 3. c4 b5 4. e4 b4 5. a4 g6 6. b3 Bg7 7. Ra2 Nf6 8. Bd3 O-O 9. Nf3 Bg4 10. Nbd2 e6 11. O-O Nbd7 12. h3 Bxf3 13. Nxf3 exd5 14. exd5 Re8 15. Bf4 Qc7 16. Bh2 Ne4 17. Bxe4 Rxe4 18. Re1 Nf6 19. Rae2 Rae8 20. g4 Qd7 21. Rxe4 Nxe4 22. Kg2 f5 23. g5 h6 24. h4 hxg5 25. hxg5 Kf7 26. Bf4 Rh8 27. Rh1 Qe8 28. Nh4 Nc3 29. Qf3 Qe4 30. Qxe4 fxe4 31. Bxd6 Bd4 32. Bg3 Rh5 33. Nf5 Rxg5 34. Rh7+ Kg8 35. Nxd4 cxd4 36. d6 Kxh7 37. d7 d3 38. d8=Q Rf5 39. c5 Nd5 40. Qh4+ Kg8 41. c6 d2 42. Qg4 Kf7 43. Qe2 e3 44. c7 exf2 45. Kf1 Ne3+ 46. Qxe3 d1=Q+ 0-1


[Site "https://www.chess.com"]

[Event "Titled Tuesday Blitz November 08 Late 2022"]
[White "Becerra, Juan David"]
[Black "Ter-Sahakyan, Samvel"]
[WhiteFideId "4404998"]
[BlackFideId "13302531"]
[WhiteElo "2281"]
[BlackElo "2584"]
[Result "0-1"]
[Round "08"]
[TimeControl "180+1"]
[Date "2022.11.08"]
[WhiteClock "0:00:20"]
[BlackClock "0:00:08"]

1. e4 c6 2. d4 d5 3. exd5 cxd5 4. Bd3 Nc6 5. c3 Nf6 6. h3 g6 7. Nf3 Bf5 8. O-O Bxd3 9. Qxd3 e6 10. Bg5 h6 11. Bxf6 Qxf6 12. Qb5 O-O-O 13. Nbd2 g5 14. Rfe1 Kb8 15. Nb3 Bd6 16. Nc5 Bxc5 17. dxc5 h5 18. Nd4 Nxd4 19. cxd4 Qxd4 20. Rac1 Rc8 21. Red1 Qf4 22. c6 Rc7 23. Rc3 Qd6 24. Rdc1 g4 25. cxb7 Rxb7 26. Qe2 gxh3 27. Rxh3 h4 28. Rhc3 Ka8 29. Rc8+ Rxc8 30. Rxc8+ Rb8 31. Qc2 f5 32. a3 Kb7 33. Rxb8+ Kxb8 34. Qa4 Qe7 35. Qc6 f4 36. f3 Qf6 37. Qb5+ Kc7 38. Qc5+ Kb7 39. Qb5+ Kc8 40. Qc5+ Kb8 41. Qd6+ Kb7 42. Qd7+ Kb6 43. Qd6+ Kb5 44. Qb4+ Kc6 45. Kh2 Qg5 46. Qa4+ Kd6 47. Qa6+ Ke5 48. Qe2+ Kf6 49. Kg1 Qg3 50. Qd2 h3 51. Qd4+ Kg6 52. Qd3+ Kg5 53. Qd2 Qxg2+ 54. Qxg2+ hxg2 55. Kxg2 Kf5 56. Kf2 Ke5 57. Ke2 Kd6 58. Kd3 e5 59. b3 Kc5 60. Kc3 a5 61. Kd3 Kb5 62. Kc3 e4 63. Kd4 e3 64. Kd3 Kc5 65. Ke2 d4 66. Kd3 Kd5 67. Kc2 a4 68. b4 Kc4 69. Kc1 d3 70. Kd1 e2+ 71. Kd2 Kd4 0-1


[Site "https://www.chess.com"]

[Event "Titled Tuesday Blitz November 08 Late 2022"]
[White "Bogaudinov, Rushan"]
[Black "Thomas, Anysia"]
[WhiteFideId "4129288"]
[BlackFideId "670472"]
[WhiteElo "1997"]
[BlackElo "2069"]
[Result "1-0"]
[Round "08"]
[TimeControl "180+1"]
[Date "2022.11.09"]
[WhiteClock "0:00:40"]
[BlackClock "0:00:03"]

1. e4 c5 2. a4 g6 3. h4 Bg7 4. h5 Nc6 5. d3 d5 6. h6 Bf6 7. Nc3 Bxc3+ 8. bxc3 dxe4 9. dxe4 Qxd1+ 10. Kxd1 Nf6 11. f3 Be6 12. Be3 b6 13. Bb5 O-O-O+ 14. Kc1 Na5 15. Ne2 Nc4 16. Bg5 Kc7 17. Nf4 Na5 18. Nxe6+ fxe6 19. Kb2 Kb7 20. Rad1 Rd6 21. e5 Rxd1 22. Rxd1 Nd5 23. c4 Nc7 24. Kc3 a6 25. Bd7 Rf8 26. Bxe7 Rf7 27. Bf6 Ka7 28. Rd6 Kb7 29. Bxe6 Nxe6 30. Rxe6 Nc6 31. f4 Rd7 32. g4 Rd4 33. Bg5 Na5 34. Re7+ Kc6 35. Rxh7 Rxc4+ 36. Kd2 Rxa4 37. Rg7 Rd4+ 38. Ke2 Nc4 39. h7 Rd2+ 40. Kf3 Rh2 41. Rxg6+ Kb5 42. Rh6 Nd2+ 43. Kg3 Nf1+ 44. Kf3 Nd2+ 45. Ke3 Nf1+ 46. Ke4 Nd2+ 47. Kf5 1-0


[Site "https://www.chess.com"]

[Event "Titled Tuesday Blitz November 08 Late 2022"]
[White "Boruchovsky, Avital"]
[Black "Paravyan, David"]
[WhiteFideId "2800055"]
[BlackFideId "4194985"]
[WhiteElo "2458"]
[BlackElo "2546"]
[Result "1/2-1/2"]
[Round "08"]
[TimeControl "180+1"]
[Date "2022.11.08"]
[WhiteClock "0:00:07"]
[BlackClock "0:00:09"]

1. e4 e5 2. Nf3 Nf6 3. Nxe5 d6 4. Nf3 Nxe4 5. d3 Nf6 6. d4 g6 7. Bd3 Bg7 8. O-O O-O 9. Re1 c5 10. h3 Nc6 11. Nbd2 cxd4 12. Nb3 Nd7 13. Bb5 Qb6 14. a4 a6 15. Bxc6 bxc6 16. Nfxd4 c5 17. Ne2 Bb7 18. Nf4 Rfe8 19. Be3 a5 20. Qd2 Ne5 21. Rad1 Nc4 22. Qd3 Nxb2 23. Qxd6 Qxd6 24. Rxd6 Nxa4 25. Rd7 Bc8 26. Rc7 Be5 27. Nd5 Be6 28. Ne7+ Kg7 29. Bh6+ Kxh6 30. Rxe5 Kg7 31. g4 Kf6 32. f4 h6 33. Nc6 Rec8 34. g5+ hxg5 35. fxg5+ Kg7 36. Rxc8 Rxc8 37. Ncxa5 Bxh3 38. Kh2 Bf5 39. Kg3 Bxc2 40. Nd2 Bd3 41. Nb7 c4 42. Nd6 Rc6 43. Ne8+ Kf8 44. Nf6 Re6 45. Ra5 Nb6 46. Ra7 c3 47. Nb3 c2 48. Rb7 Rc6 49. Rb8+ Nc8 50. Nc1 Ke7 51. Nd5+ Kd6 52. Nb4 Bf5 53. Nxc6 Kxc6 54. Rb4 Nd6 55. Kf4 Kc5 56. Rb8 Nc4 57. Rb7 Kd4 58. Rxf7 Kc3 59. Rxf5 gxf5 60. g6 Nb6 61. g7 Nd5+ 62. Kxf5 Ne7+ 63. Ke6 Ng8 64. Kf7 Nh6+ 65. Kg6 Ng8 66. Kh7 Ne7 67. g8=Q Nxg8 68. Kxg8 Kd2 69. Na2 Ke3 70. Kf7 Kd4 71. Ke6 Kc4 72. Ke5 Kb3 73. Nc1+ Kc3 74. Ke4 Kd2 75. Na2 Kd1 76. Kd3 c1=Q 77. Nxc1 1/2-1/2


[Site "https://www.chess.com"]

[Event "Titled Tuesday Blitz November 08 Late 2022"]
[White "Brown, Andrew"]
[Black "Rangel, Daniel"]
[WhiteFideId "3206513"]
[BlackFideId "2124475"]
[WhiteElo "2245"]
[BlackElo "2225"]
[Result "1-0"]
[Round "08"]
[TimeControl "180+1"]
[Date "2022.11.09"]
[WhiteClock "0:00:05"]
[BlackClock "0:00:05"]

1. d4 Nf6 2. c4 e6 3. Nc3 d5 4. g3 c6 5. Bg2 Nbd7 6. Nf3 b6 7. O-O Bb7 8. Ne5 Bd6 9. f4 O-O 10. e4 Re8 11. Nxf7 Kxf7 12. e5 Bf8 13. exf6 Nxf6 14. b3 c5 15. Be3 cxd4 16. Bxd4 Qc7 17. cxd5 Nxd5 18. Nxd5 Bxd5 19. Bxd5 exd5 20. Qh5+ Kg8 21. Qxd5+ Kh8 22. Rac1 Qe7 23. Be5 Rad8 24. Qf3 Rd2 25. Rf2 Rxf2 26. Kxf2 Qa3 27. Rc2 Qe7 28. Kg2 Qf7 29. Rc7 Qg6 30. h4 h6 31. h5 Qf5 32. g4 Qb1 33. Qc6 Qxa2+ 34. Qc2 Qxc2+ 35. Rxc2 a5 36. Rc7 b5 37. Ra7 a4 38. bxa4 bxa4 39. Rxa4 Kg8 40. Ra7 Rc8 41. Kf3 Rc2 42. Ke4 Rc8 43. Kf5 Re8 44. Rb7 Rc8 45. g5 hxg5 46. fxg5 Re8 47. Rc7 Ra8 48. Rc6 Re8 49. Bd4 Ra8 50. Be5 Re8 51. h6 gxh6 52. gxh6 Re7 53. Bf6 Rh7 54. Bg5 Bxh6 55. Bxh6 Rf7+ 56. Kg6 Rg7+ 57. Kh5 Rf7 58. Rc8+ Kh7 59. Rc5 Re7 60. Bg5 Rd7 61. Kg4 Rf7 62. Bf4 Rb7 63. Kg5 Rg7+ 64. Kf6 Rb7 65. Be5 Rg7 66. Rc8 Rg6+ 67. Kf5 Ra6 68. Rh8# 1-0


[Site "https://www.chess.com"]

[Event "Titled Tuesday Blitz November 08 Late 2022"]
[White "Burke, Paul"]
[Black "Tsukerman, Julia"]
[WhiteFideId "2605767"]
[BlackFideId "2621649"]
[WhiteElo "1807"]
[BlackElo "1667"]
[Result "0-1"]
[Round "08"]
[TimeControl "180+1"]
[Date "2022.11.09"]
[WhiteClock "0:00:53"]
[BlackClock "0:01:12"]

1. e4 c5 2. d4 cxd4 3. c3 dxc3 4. Nxc3 Nc6 5. Nf3 d6 6. Bc4 e6 7. O-O Nf6 8. Qe2 a6 9. a3 Be7 10. Rd1 Qc7 11. Bg5 O-O 12. Rac1 Bd7 13. Ba2 Rad8 14. b4 Qb8 15. Bb1 h6 16. Bh4 Rfe8 17. Qc2 Ne5 18. Nd4 g6 19. f4 Nc6 20. Nf3 Kg7 21. e5 dxe5 22. fxe5 Nxe5 23. Nxe5 Qxe5 24. Bg3 Qg5 25. Qb2 Bc6 26. Rxd8 Rxd8 27. Rf1 Rd2 0-1


[Site "https://www.chess.com"]

[Event "Titled Tuesday Blitz November 08 Late 2022"]
[White "Capp, Stephen"]
[Black "Gonzalez, Francisco Silva"]
[WhiteFideId "2027089"]
[BlackFideId "1512285"]
[WhiteElo "2175"]
[BlackElo "2159"]
[Result "0-1"]
[Round "08"]
[TimeControl "180+1"]
[Date "2022.11.09"]
[WhiteClock "0:00:04"]
[BlackClock "0:01:44"]

1. e4 e5 2. Nf3 Nc6 3. d4 exd4 4. Bc4 Nf6 5. O-O Nxe4 6. Re1 d5 7. Nc3 dxc4 8. Rxe4+ Be7 9. Nxd4 f5 10. Rf4 O-O 11. Nxc6 Qxd1+ 12. Nxd1 bxc6 13. Rxc4 Bd6 14. Be3 f4 15. Bc5 Re8 16. Nc3 Be6 17. Bxd6 Bxc4 18. Bxf4 Rad8 19. Be3 a5 20. b3 Bf7 21. Na4 Bg6 22. c4 Rd3 23. Re1 h5 24. g3 Bf5 25. Nc5 Rc3 26. Na6 Bh3 27. Nxc7 Re7 28. Na6 Rc2 29. a4 g5 30. Nc5 g4 31. Nd3 Rc3 32. Nf4 Rxb3 33. Rd1 Rc3 34. c5 Rc4 35. Nxh5 Kf7 36. Bg5 Rd4 37. Rb1 Re5 38. Rb7+ Kg6 39. Nf4+ Rxf4 0-1


[Site "https://www.chess.com"]

[Event "Titled Tuesday Blitz November 08 Late 2022"]
[White "Chernomordik, Pavel"]
[Black "Ramirez, Maria Eugenia"]
[WhiteFideId "2804530"]
[BlackFideId "3301680"]
[WhiteElo "2192"]
[BlackElo "1941"]
[Result "1-0"]
[Round "08"]
[TimeControl "180+1"]
[Date "2022.11.09"]
[WhiteClock "0:01:03"]
[BlackClock "0:00:02"]

1. e4 c6 2. Nc3 g6 3. h4 h5 4. Bc4 Bg7 5. d4 e6 6. e5 Ne7 7. Nf3 d6 8. Qe2 dxe5 9. dxe5 Nd7 10. Bg5 Qc7 11. Ne4 Nxe5 12. Nf6+ Bxf6 13. Bxf6 Nxf3+ 14. Qxf3 Rg8 15. O-O-O Nd5 16. Bg5 Bd7 17. Rhe1 f6 18. Bxd5 fxg5 19. Bxe6 O-O-O 20. Rxd7 Rxd7 21. Bxg8 Rd8 22. Be6+ Kb8 23. hxg5 a6 24. g3 Qa5 25. Qf4+ Ka8 26. c3 Re8 27. Re3 Qc5 28. Bf7 Rd8 29. Bxg6 Ka7 30. Re1 Rf8 31. Qe3 Qxe3+ 32. Rxe3 Rg8 33. Bxh5 Rxg5 34. Be2 Kb6 35. f4 Rg7 36. g4 1-0


[Site "https://www.chess.com"]

[Event "Titled Tuesday Blitz November 08 Late 2022"]
[White "Chigaev, Maksim"]
[Black "Romanchuk, Viktor"]
[WhiteFideId "4108116"]
[BlackFideId "14109271"]
[WhiteElo "2541"]
[BlackElo "2242"]
[Result "1-0"]
[Round "08"]
[TimeControl "180+1"]
[Date "2022.11.08"]
[WhiteClock "0:00:02"]
[BlackClock "0:00:01"]

1. Nf3 d5 2. c4 c6 3. g3 Nf6 4. Bg2 Bg4 5. Ne5 Be6 6. cxd5 Bxd5 7. Nf3 Nbd7 8. Nc3 Be6 9. O-O Bg4 10. d4 e6 11. Qb3 Qb6 12. e4 Be7 13. Be3 O-O 14. Ne5 Rfd8 15. h3 Bh5 16. g4 Bg6 17. Qxb6 axb6 18. f4 h6 19. Nxd7 Nxd7 20. f5 Bh7 21. e5 b5 22. Ne4 Bf8 23. a3 Nb6 24. Rad1 Nc4 25. Bc1 b4 26. axb4 Bxb4 27. b3 Nb6 28. h4 Ra2 29. h5 Nd5 30. Rd3 Rc2 31. Rdf3 Nc3 32. Nxc3 Bxc3 33. Be3 exf5 34. gxf5 Bxd4 35. e6 Bxe3+ 36. Rxe3 Re8 37. Bh3 Rc5 38. Kh2 fxe6 39. fxe6 Rxh5 40. e7 Bg6 41. Kg3 Rg5+ 42. Kh2 Rh5 43. Rf4 1-0


[Site "https://www.chess.com"]

[Event "Titled Tuesday Blitz November 08 Late 2022"]
[White "Chlpik, Martin"]
[Black "Roux, Baptiste"]
[WhiteFideId "14923351"]
[BlackFideId "36017450"]
[WhiteElo "2109"]
[BlackElo "2077"]
[Result "0-1"]
[Round "08"]
[TimeControl "180+1"]
[Date "2022.11.09"]
[WhiteClock "0:00:01"]
[BlackClock "0:00:14"]

1. d4 e6 2. Nc3 Nf6 3. Bf4 Bb4 4. a3 Bxc3+ 5. bxc3 d5 6. f3 O-O 7. e3 b6 8. Bd3 c5 9. Nh3 Nc6 10. O-O Nh5 11. Bg5 Qd6 12. f4 g6 13. g4 Ng7 14. Bf6 Ne8 15. g5 Nxf6 16. gxf6 Qd8 17. Qg4 Qxf6 18. Ng5 h6 19. Nf3 Qg7 20. Ne5 Nxe5 21. fxe5 c4 22. Be2 f5 23. exf6 Rxf6 24. Rxf6 Qxf6 25. h4 Qf5 26. Qg3 Qxc2 27. Rf1 Bd7 28. Rf6 Be8 29. Qf4 Bd7 30. Qxh6 Qe4 31. Rxg6+ Qxg6+ 32. Qxg6+ Kh8 33. h5 Rg8 34. Bg4 Rxg6 35. hxg6 Kg7 36. Bh3 Kxg6 37. Kf2 Kf6 38. Kf3 Ba4 39. Kf4 Bc2 40. Bg2 Bf5 41. Bf3 Bh3 42. Be2 Bf5 43. Bf3 Bd3 44. Bg2 a6 45. Bf3 b5 46. Bd1 a5 0-1


[Site "https://www.chess.com"]